 Dungeon Crawl Stone Soup version 0.24.0-123-gd5b16e6ec5 (webtiles) character file.

Game seed: 7807531392379786723, levelgen mode: deterministic

2318 Johnny the Digger (level 8, -6/71 HPs)
             Began as a Demigod Earth Elementalist on Feb 8, 2020.
             Mangled by a hornet zombie (11 damage)
             ... on level 8 of the Dungeon.
             The game lasted 00:08:48 (7362 turns).

Johnny the Digger (Demigod Earth Elementalist)      Turns: 7362, Time: 00:08:48

Health: -6/71      AC:  4    Str: 16    XL:     8   Next: 99%
Magic:  6/21       EV: 15    Int: 23    God:
Gold:   435        SH:  0    Dex: 16    Spells: 6/19 levels left

rFire    . . .     SeeInvis .   A - +4 mace (freeze)
rCold    . . .     Gourm    +   (no shield)
rNeg     . . .     Faith    .   y - +1 robe {MR+}
rPois    +         Spirit   .   (no helmet)
rElec    .         Reflect  .   H - +0 cloak
rCorr    .         Harm     .   (no gloves)
MR       +....                  (no boots)
Stlth    ++........             l - amulet of the gourmand
HPRegen  0.21/turn              i - +3 ring of evasion
MPRegen  0.17/turn              j - ring of poison resistance

@: mighty, very slightly contaminated
A: high mp 1
a: no special abilities


You were on level 8 of the Dungeon.
You were not hungry.

You visited 1 branch of the dungeon, and saw 8 of its levels.

You collected 484 gold pieces.
You spent 49 gold pieces at shops.

Inventory:

Hand Weapons
 A - a +4 mace of freezing (weapon)
Missiles
 b - 96 stones (quivered)
Armour
 y - a +1 robe of magic resistance (worn)
 H - a +0 cloak (worn)
Jewellery
 i - a +3 ring of evasion (left hand)
 j - a ring of poison resistance (right hand)
 l - an amulet of the gourmand (around neck)
 w - an uncursed ring of flight {unknown}
Wands
 q - a wand of digging (3)
 F - a wand of flame (21)
Scrolls
 a - 3 scrolls of magic mapping
 h - 2 scrolls of blinking {unknown}
 n - 9 scrolls of teleportation {unknown}
 o - a scroll of fear {unknown}
 p - 3 scrolls of enchant armour {unknown}
 u - a scroll of silence {unknown}
 v - 2 scrolls of fog
 x - a scroll of enchant weapon {unknown}
 G - a scroll of holy word {unknown}
Potions
 e - 6 potions of curing
 f - a potion of haste {unknown}
 k - 2 potions of flight
 m - 2 potions of degeneration {unknown}
 t - 3 potions of heal wounds {unknown}
 z - a potion of lignification {unknown}
 C - a potion of berserk rage {unknown}
Comestibles
 d - 15 rations


   Skills:
 + Level 6.3 Fighting
 - Level 1.7 Dodging
 - Level 1.7 Stealth
 + Level 6.2 Spellcasting
 - Level 0.8 Transmutations
 + Level 7.0 Earth Magic


You had 6 spell levels left.
You knew the following spells:

 Your Spells              Type           Power        Failure   Level  Hunger
a - Sandblast             Erth           #####.       1%          1    None
b - Stone Arrow           Conj/Erth      ###...       6%          3    #......
c - Lee's Rapid Deconstr  Erth           #####.....   13%         5    #####..
d - Petrify               Tmut/Erth      ####....     16%         4    ###....

Your spell library contained the following spells:

 Spells                   Type           Power        Failure   Level  Hunger
 Passwall                 Tmut/Erth      ####....     2%          2    None
 Animate Skeleton         Necr           N/A          9%          1    None
 Apportation              Tloc           #.....       9%          1    None
 Confusing Touch          Hex            #.....       9%          1    None
 Freeze                   Ice            #...         9%          1    None
 Summon Small Mammal      Summ           #...         9%          1    None
 Throw Frost              Conj/Ice       #.....       13%         2    None
 Ozocubu's Armour         Chrm/Ice       #.......     26%         3    #......
 Summon Ice Beast         Ice/Summ       #.......     63%         4    ###....
 Throw Icicle             Conj/Ice       #.......     63%         4    ###....


Dungeon Overview and Level Annotations

Branches:
Dungeon (8/15)             Temple (0/1) D:4
   Lair: D:8-11

Shops:
D:4 (   D:6 *

Annotations:
D:3 , 2 transporters


Innate Abilities, Weirdness & Mutations

You have an increased reservoir of magic. (+10% MP)


Message History

The hornet zombie is moderately damaged.
b - 96 stones The hornet zombie closely misses you.
Casting: Sandblast (safe; 1% risk of failure)
Confirm with . or Enter, or press ? or * to list all spells.
Aiming: Stone Arrow (safe; 6% risk of failure)
Press: ? - help, Shift-Dir - straight line, f/p - hornet zombie
Aim: a hornet zombie (moderately damaged)
The stone arrow hits the hornet zombie!
The hornet zombie is heavily damaged.
The hornet zombie closely misses you.
Casting: Stone Arrow (safe; 6% risk of failure)
Confirm with . or Enter, or press ? or * to list all spells.
Aiming: Stone Arrow (safe; 6% risk of failure)
Press: ? - help, Shift-Dir - straight line, f/p - hornet zombie
Aim: a hornet zombie (heavily damaged)
You miscast Stone Arrow.
You are very lightly contaminated with residual magic.
Your skin glows momentarily.
The hornet zombie hits you!
You die...

#############
##...........#
#....#.......#
#...#.#......###
#..#._.#........
#...#.#......#
#....#...)#.##
#####.........@Z.#
##.....#........†......
##......................
#.......................
#...........(...........
#.....y.................
#...<..................$
#.......................
#..........y.......


You could see a hornet zombie.

Vanquished Creatures
  The ghost of matti1234 the Grasshopper, an amateur OpWr (D:3)
  2 orc warriors (D:8)
  A sky beast (D:5)
  4 ogres
  A bullfrog (D:7)
  A wyvern zombie (D:6)
  A scorpion (D:3)
  4 killer bees
  4 wights (D:4)
  7 crimson imps
  A quasit (D:5)
  A jelly (D:5)
  An orc priest (D:3)
  2 bullfrog skeletons
  6 hounds
  A centaur skeleton (D:7)
  5 orc wizards
  4 worker ants
  A hound zombie (D:5)
  A hound skeleton (D:2)
  3 gnolls (D:5)
  6 adders
  2 shadow imps
  An ooze (D:1)
  An adder zombie (D:5)
  2 adder skeletons
  A dart slug (D:4)
  4 leopard geckos
  31 orcs
  2 ball pythons
  5 giant cockroaches
  6 hobgoblins
  2 jackals (D:4)
  4 quokkas
  4 bats
  6 frilled lizards
  8 goblins
  6 kobolds
  A leopard gecko zombie (D:5)
  A quokka skeleton (D:8)
  A quokka zombie (D:7)
  3 rats
149 creatures vanquished.

Notes
Turn   | Place    | Note
-------+----------+-------------------------------------------
     0 | D:1      | Johnny the Demigod Earth Elementalist began the quest for
                  | the Orb.
     0 | D:1      | Reached XP level 1. HP: 14/14 MP: 5/5
   612 | D:1      | Reached XP level 2. HP: 18/22 MP: 0/7
   743 | D:1      | Reached skill level 3 in Earth Magic
   752 | D:1      | Reached skill level 1 in Fighting
  1175 | D:2      | Reached XP level 3. HP: 24/28 MP: 3/9
  2009 | D:3      | Found a runed translucent gate.
  2010 | D:3      | Found a runed translucent gate.
  2010 | D:3      | Found an opulent altar of Gozag.
  2011 | D:3      | Found a runed translucent gate.
  2090 | D:3      | Reached XP level 4. HP: 19/36 MP: 3/10
  2501 | D:3      | Found a snail-covered altar of Cheibriados.
  2516 | D:3      | Found a transporter.
  2525 | D:3      | Found a transporter.
  2876 | D:3      | Noticed matti1234's ghost (amateur OpWr)
  3013 | D:3      | Reached XP level 5. HP: 17/42 MP: 2/12
  3288 | D:3      | Killed matti1234's ghost
  3288 | D:3      | Reached skill level 4 in Earth Magic
  3405 | D:4      | Reached XP level 6. HP: 34/51 MP: 1/14
  3832 | D:4      | Found a staircase to the Ecumenical Temple.
  3966 | D:4      | You fall into a shaft and drop 2 floors!
  4067 | D:6      | Noticed a +0 hand axe
  4067 | D:6      | Noticed a +0 dagger
  4077 | D:6      | Found Mufof Fiara's General Store.
  4091 | D:6      | Reached XP level 7. HP: 50/58 MP: 12/16
  4098 | D:6      | Bought a scroll of fog for 28 gold pieces
  4108 | D:6      | Reached skill level 5 in Earth Magic
  4130 | D:6      | Found a burning altar of Makhleb.
  4164 | D:5      | Entered Level 5 of the Dungeon
  4637 | D:4      | Found Velod's Weapon Shop.
  4773 | D:4      | Bought 21 stones for 21 gold pieces
  4942 | D:5      | Learned a level 3 spell: Stone Arrow
  4948 | D:5      | Learned a level 5 spell: Lee's Rapid Deconstruction
  4953 | D:5      | Learned a level 4 spell: Petrify
  5073 | D:5      | Reached skill level 5 in Spellcasting
  5162 | D:5      | Reached skill level 5 in Fighting
  5162 | D:5      | Reached XP level 8. HP: 10/68 MP: 15/19
  5463 | D:5      | Found a sacrificial altar of Ru.
  5548 | D:5      | Reached skill level 6 in Earth Magic
  6075 | D:6      | Found a hide-covered altar of Uskayaw.
  6348 | D:7      | Found a shattered altar of Ashenzari.
  6459 | D:7      | Found an ornate altar of the Wu Jian Council.
  6460 | D:7      | Found a basalt altar of Yredelemnul.
  6461 | D:7      | Found a shadowy altar of Dithmenos.
  6997 | D:8      | Found an iron altar of Okawaru.
  7350 | D:8      | Reached skill level 7 in Earth Magic
  7362 | D:8      | Mangled by a hornet zombie

Levels and vault maps discovered:
D:1:      dpeg_arrival_another_circle, layout_rooms,
          hangedman_abyss_or_decor_lesser_grid, grunt_decor_resistance
D:2:      layout_rooms, serial_forest, infiniplex_forest_lined_room_2,
          infiniplex_forest_clump_medium, infiniplex_forest_corner_1,
          infiniplex_forest_straight_2, infiniplex_forest_straight_2,
          infiniplex_forest_lined_room_, infiniplex_forest_straight_3,
          infiniplex_forest_lined_corner, infiniplex_forest_pool, hex_large
D:3:      gammafunk_steamed_eel, layout_loops_ring, overflow_temple_1_default,
          ebering_ghost_gozag
D:4:      layout_basic, minmay_temple_entry_fiery, serial_shops, shop
D:5:      layout_gridville, kennysheep_mini, first_ration
D:6:      layout_cave_pools, makhleb_heckhound_becter, dancing_weapons_uskayaw,
          serial_shops, shop
D:7:      layout_basic, chequers_temple_overflow_statue_of_worship,
          grunt_ogre_cave, evilmike_ruin_ashenzari
D:8:      layout_rooms, gammafunk_ghost_berserking_beasts,
          minmay_misc_feat_square, okawaru_metal_pillars_3

Skill      XL: |  1  2  3  4  5  6  7  8 |
---------------+-------------------------+-----
Spellcasting   | 2 3 4 5 6 |  6.2
Earth Magic    | 3 4 5 7 |  7.0
Fighting       | 1 2 3 5 6 |  6.3
Dodging        | |  1.7
Stealth        | |  1.7
Transmutations | |  0.8

Action                   |  1- 3 |  4- 6 |  7- 9 || total
-------------------------+-------+-------+-------++-------
Melee: Unarmed           |    61 |    76 |       ||   137
       Dagger            |       |    21 |   121 ||   142
       Mace              |       |       |   137 ||   137
 Cast: Sandblast         |    54 |    86 |    69 ||   209
       Lee's Rapid Decon |       |       |     4 ||     4
       Stone Arrow       |       |       |     1 ||     1
  Use: Scroll            |       |     4 |     6 ||    10
       Potion            |       |       |     3 ||     3
 Stab: Sleeping          |     1 |     3 |     1 ||     5
       Distracted        |       |       |     1 ||     1
  Eat: Chunk             |     4 |     6 |    16 ||    26
Armor: Robe              |     7 |       |    46 ||    53
       Leather armour    |    16 |    14 |    13 ||    43
Dodge: Dodged            |    82 |   128 |   261 ||   471
